Map: Romanticide LE

Players

TYTY (TY) - Winner!

  • Race: Terran Terran
  • Spawn Location: 5:00

Nice

  • Race: Protoss Protoss
  • Spawn Location: 11:00

Event: DreamHack SC2 Masters 2020 Winter

VOD

Have the link to the VOD?

Description

Time

  • Played on: Nov. 13, 2020, 12:35 p.m.
  • Length: 10:54
Show
View Real Time Build Order
Export as new Build Order

TYTY Terran - Winner!

Build Orders: Reaper Expand 

Get SALT Encoding   

  12  0:00  SCV  
  13  0:12  SCV  
  14  0:17  Supply Depot  
  14  0:24  SCV  
  15  0:38  SCV  
  15  0:39  Barracks  
  16  0:42  Refinery  
  16  0:50  SCV  
  17  1:02  SCV  
  18  1:14  SCV  
  19  1:26  Reaper  
  19  1:27  Orbital Command  
  20  1:42  Command Center  
  20  1:53  SCV  
  21  1:57  Barracks  
  21  1:59  Barracks Reactor  
  21  2:06  Supply Depot  
  21  2:10  SCV  
  22  2:21  Bunker  
  22  2:22  SCV  
  23  2:32  Factory  
  23  2:35  SCV, Marine  
  23  2:37  Marine  
  26  2:47  SCV  
  26  2:49  Barracks Tech Lab  
  27  2:55  Orbital Command  
  27  2:58  Marine x2  
  29  3:01  SCV  
  30  3:09  Marine, Refinery  
  31  3:14  SCV  
  31  3:16  Stimpack  
  32  3:21  SCV  
  32  3:25  Marine  
  32  3:26  SCV  
  35  3:27  Marine x2  
  35  3:33  SCV  
  38  3:38  SCV  
  39  3:41  Starport  
  39  3:43  Marine  
  39  3:45  Marine, SCV  
  42  3:50  SCV  
  42  3:52  Marine  
  42  3:55  Factory Reactor  
  43  3:56  Supply Depot  
  43  3:57  SCV  
  43  4:02  SCV  
  44  4:05  Refinery  
  46  4:18  SCV x2  
  46  4:19  Supply Depot  
  46  4:22  Medivac  
  50  4:26  Marine  
  50  4:30  SCV  
  50  4:31  Widow Mine x2  
  50  4:37  Supply Depot x2  
  54  4:41  Marauder, Marine, SCV  
  54  4:42  SCV  
  59  4:45  Marine  
  59  4:52  Medivac  
  62  4:59  Widow Mine x2, Supply Depot  
  66  5:00  Supply Depot, SCV x2  
  66  5:02  Marine  
  66  5:05  Marine  
  66  5:06  Armory  
  70  5:07  Marauder  
  70  5:12  SCV  
  73  5:14  Supply Depot  
  73  5:20  Widow Mine x2, SCV  
  78  5:24  Medivac  
  78  5:30  Bunker  
  78  5:33  SCV  
  69  5:46  Marine x2  
  69  5:47  Marauder  
  65  5:52  Widow Mine x2  
  69  6:01  Medivac  
  68  6:04  SCV  
  68  6:08  Marine x2, Marauder  
  66  6:19  Widow Mine x2  
  64  6:25  Marine  
  62  6:34  Marauder  
  64  6:41  Marine  
  62  6:54  Medivac  
  63  7:14  Marauder, Orbital Command  
  60  7:29  Marine, Medivac  
  60  7:42  Marine  
  58  7:47  SCV  
  58  7:50  Marine  
  58  7:53  SCV  
  58  7:54  Hellion x2  
  61  8:05  Marauder  
  61  8:19  Supply Depot  
  56  8:28  Hellbat x2  
  56  8:33  Marine  
  58  8:36  Marauder  
  58  8:46  Concussive Shells  
  56  8:51  Marine  
  56  8:53  Hellbat  
  57  8:57  Marauder  
  57  9:02  Medivac  
  60  9:14  Marine  
  63  9:18  Hellbat  
  63  9:19  Marauder  
Show
View Real Time Build Order
Export as new Build Order

Nice Protoss 

Build Orders: 1 Gate Expand, Blink Stalkers 

Get SALT Encoding   

  12  0:00  Probe  
  13  0:12  Probe  
  14  0:18  Pylon  
  14  0:24  Probe (Chrono Boost)  
  15  0:37  Gateway  
  15  0:38  Probe (Chrono Boost)  
  16  0:44  Probe (Chrono Boost)  
  16  0:46  Assimilator  
  17  0:52  Probe  
  18  1:04  Probe  
  19  1:16  Probe  
  20  1:25  Cybernetics Core  
  20  1:31  Nexus  
  20  1:37  Pylon  
  20  1:45  Assimilator  
  20  1:46  Probe  
  21  1:58  Adept (Chrono Boost), Probe  
  22  2:02  Warp Gate  
  24  2:08  Shield Battery  
  24  2:12  Probe  
  25  2:19  Stalker (Chrono Boost)  
  27  2:24  Probe  
  28  2:35  Twilight Council  
  28  2:41  Probe (Chrono Boost)  
  28  2:43  Probe (Chrono Boost)  
  31  2:53  Probe (Chrono Boost)  
  31  2:54  Probe (Chrono Boost)  
  32  3:01  Probe  
  32  3:02  Robotics Facility, Probe  
  34  3:11  Pylon  
  34  3:13  Probe  
  34  3:14  Probe  
  34  3:15  Blink (Chrono Boost)  
  35  3:27  Probe x2  
  37  3:34  Gateway  
  37  3:40  Gateway  
  37  3:41  Probe  
  38  3:51  Stalker  
  38  3:54  Observer  
  41  4:02  Gateway  
  41  4:05  Gateway  
  41  4:07  Gateway  
  41  4:14  Warp Prism  
  43  4:18  Stalker  
  43  4:22  Pylon  
  45  4:33  Stalker  
  45  4:34  Stalker, Observer  
  45  4:35  Pylon  
  49  4:42  Stalker  
  51  5:06  Stalker  
  51  5:07  Stalker x4  
  55  5:10  Zealot  
  63  5:17  Pylon  
  63  5:33  Stalker x2  
  63  5:35  Stalker, Zealot x2  
  62  5:55  Stalker x2  
  62  5:56  Zealot x3  
  64  6:11  Observer  
  57  6:20  Stalker, Zealot x2  
  57  6:21  Zealot  
  50  6:43  Stalker x2  
  50  6:44  Zealot  
  51  7:07  Stalker x2  
  50  7:33  Observer  
  50  7:35  Stalker x2  
  51  7:50  Stalker  
  45  8:10  Stalker  
  41  8:28  Stalker  
  41  8:35  Observer  
  39  8:54  Stalker  
  40  9:15  Stalker  
Tags
 
Add a new tag
Caveats
  • Supply blocks, unpowered buildings, or Contaminate may cause inaccurate times.
  • Supply counts are checked every 10 seconds.